 Dungeon Crawl Stone Soup version 0.20-a0-296-gf222164 (webtiles) character file.

12717 tboon the Cleaver (level 11, -34/99 HPs)
             Began as a Minotaur Fighter on Dec 14, 2016.
             Was a High Priest of Okawaru.
             Killed from afar by a fire dragon (48 damage)
             ... with a blast of flame
             ... on level 1 of the Lair of Beasts.
             The game lasted 00:31:34 (9587 turns).

tboon the Cleaver (Minotaur Fighter)                Turns: 9587, Time: 00:31:35

Health: -34/99     AC: 20    Str: 17    XL:     11   Next: 66%
Magic:  9/15       EV: 13    Int:  7    God:    Okawaru [*****.]
Gold:   660        SH:  0    Dex: 11    Spells: 10/10 levels left

rFire  . . .     SeeInvis .     a - +1 war axe
rCold  . . .     Gourm    .     F - +0 chain mail
rNeg   . . .     Faith    .     (no shield)
rPois  .         Spirit   .     (helmet restricted)
rElec  .         Reflect  .     b - +2 cloak
rCorr  .         Harm     .     (no gloves)
MR     .....                    y - +2 pair of boots
Stlth  +.........               m - amulet of regeneration {+regen, !d}
                                L - -4 ring of strength (curse)
                                q - ring of stealth {Stlth+}

@: about to teleport, heroism, finesse
A: retaliatory headbutt, horns 2
a: Heroism, Finesse, Renounce Religion


You were on level 1 of the Lair of Beasts.
You worshipped Okawaru.
Okawaru was extremely pleased with you.
You were not hungry.

You visited 3 branches of the dungeon, and saw 12 of its levels.

You collected 660 gold pieces.

Inventory:

Hand Weapons
 a - a +1 war axe (weapon)
 J - a +0 battleaxe
   (You took it off Blork the orc on level 6 of the Dungeon)
Armour
 b - a +2 cloak (worn)
   (You found it on level 5 of the Dungeon)
 y - a +2 pair of boots (worn)
   (You found it on level 5 of the Dungeon)
 F - a +0 chain mail (worn)
   (You found it on level 6 of the Dungeon)
 M - a +0 chain mail of cold resistance
   (You found it on level 8 of the Dungeon)
Jewellery
 m - an amulet of regeneration (around neck) {+regen, !d}
   (You found it on level 2 of the Dungeon)
 q - a ring of stealth (left hand) {Stlth+}
   (You found it on level 2 of the Dungeon)
 x - a +3 ring of intelligence {unknown}
   (You found it on level 10 of the Dungeon)
 H - an uncursed ring of fire {unknown}
   (You found it on level 10 of the Dungeon)
 K - an uncursed ring of fire {unknown}
   (You found it on level 1 of the Lair of Beasts)
 L - a cursed -4 ring of strength (right hand)
   (You found it on level 7 of the Dungeon)
 R - an uncursed amulet of rage {unknown}
   (You found it on level 10 of the Dungeon)
Wands
 l - a wand of hasting (7/9)
   (You found it on level 1 of the Lair of Beasts)
 r - a wand of teleportation (3/9)
   (You found it on level 6 of the Dungeon)
 w - a wand of digging (24/24)
   (You found it on level 3 of the Dungeon)
 I - a wand of lightning (11/15)
   (You found it on level 10 of the Dungeon)
 N - a wand of flame (21/48)
   (You found it on level 10 of the Dungeon)
 U - a wand of slowing (34/48)
   (You found it on level 1 of the Lair of Beasts)
Scrolls
 g - 3 scrolls of recharging
 i - a scroll of magic mapping {!r}
 p - 5 scrolls of teleportation
 t - a scroll of fear {unknown}
 u - a scroll of brand weapon {unknown}
 G - 3 scrolls of blinking {!r}
 O - 2 scrolls of identify
 P - a scroll of holy word {unknown}
 Q - a scroll of random uselessness {unknown}
 S - a scroll of enchant weapon
Potions
 c - a potion of cancellation {unknown}
 d - 2 potions of might
 e - 2 potions of berserk rage {!q}
 h - 2 potions of brilliance
 j - 2 potions of ambrosia
 k - 2 potions of curing
 n - 2 potions of agility
 o - 2 potions of heal wounds {unknown}
 v - a potion of resistance {unknown}
 A - 5 potions of flight
 B - a potion of cure mutation {!q}
 C - 6 potions of lignification {unknown}
Comestibles
 f - 8 bread rations
 s - 3 beef jerkies
 z - 4 meat rations
 D - 5 fruits
 E - a royal jelly
 T - 3 chunks of flesh


   Skills:
 + Level 9.9(14.9) Fighting
 * Level 12.9(17.9) Axes
 + Level 10.2(15.2) Armour
 + Level 8.5(13.5) Dodging
   Level 3.6(8.6) Shields
 + Level 7.2 Invocations


You had 10 spell levels left.
You didn't know any spells.

Dungeon Overview and Level Annotations

Branches:
Dungeon (10/15)            Temple (1/1) D:4            Lair (1/6) D:9
    Orc: D:9-12

Altars:
Ashenzari
Cheibriados
Dithmenos
Elyvilon
Fedhas
Gozag
Hepliaklqana
Kikubaaqudgha
Makhleb
Nemelex Xobeh
Okawaru
Qazlal
Ru
Sif Muna
Trog
Uskayaw
Vehumet
Xom
Yredelemnul
Zin
The Shining One

Shops:
D:10 }


Innate Abilities, Weirdness & Mutations

You reflexively headbutt those who attack you in melee.
You have a pair of horns on your head.


Message History

The fire dragon tramples you but does no damage.
You slash the fire dragon!
You headbutt the fire dragon, but do no damage.
The fire dragon is moderately wounded.
The fire dragon bites you!
The fire dragon claws you but does no damage.
The fire dragon tramples you but does no damage.
The fire dragon breathes flames at you. The blast of flame hits you!
You hit the fire dragon.
The fire dragon is moderately wounded.
The fire dragon bites you! The fire dragon closely misses you.
The fire dragon barely misses you.
You hit the fire dragon but do no damage.
You headbutt the fire dragon, but do no damage.
The fire dragon is moderately wounded.
You barely miss the fire dragon.
The fire dragon is moderately wounded.
The fire dragon bites you!
* * * LOW HITPOINT WARNING * * *
The fire dragon claws you.
* * * LOW HITPOINT WARNING * * *
The fire dragon closely misses you.
You barely miss the fire dragon.
You headbutt the fire dragon, but do no damage.
The fire dragon is moderately wounded.
The fire dragon bites you.
* * * LOW HITPOINT WARNING * * *
The fire dragon claws you but does no damage.
The fire dragon tramples you but does no damage.
You gain the combat prowess of a mighty hero.
The fire dragon barely misses you. The fire dragon misses you.
The fire dragon tramples you.
* * * LOW HITPOINT WARNING * * *
You stumble backwards!
You can now deal lightning-fast blows.
The fire dragon barely misses you. The fire dragon claws you.
* * * LOW HITPOINT WARNING * * *
The fire dragon tramples you but does no damage.
Your chain mail prevents you from hitting the fire dragon.
The fire dragon is moderately wounded.
The fire dragon bites you.
* * * LOW HITPOINT WARNING * * *
The fire dragon claws you but does no damage.
The fire dragon tramples you but does no damage.
You hit the fire dragon but do no damage.
You headbutt the fire dragon.
The fire dragon is moderately wounded.
You slash the fire dragon!
You headbutt the fire dragon, but do no damage.
The fire dragon is moderately wounded.
You hit the fire dragon.
You headbutt the fire dragon, but do no damage.
The fire dragon is moderately wounded.
The fire dragon bites you but does no damage.
The fire dragon closely misses you. x2
You hit the fire dragon.
The fire dragon is heavily wounded.
You slash the fire dragon! You headbutt the fire dragon.
The fire dragon is heavily wounded.
You slash the fire dragon!
The fire dragon is severely wounded.
The fire dragon breathes flames at you. The blast of flame misses you.
You hit the fire dragon.
You headbutt the fire dragon, but do no damage.
The fire dragon is severely wounded.
You barely miss the fire dragon.
The fire dragon is severely wounded.
You barely miss the fire dragon.
The fire dragon is severely wounded.
The fire dragon bites you!
* * * LOW HITPOINT WARNING * * *
The fire dragon claws you but does no damage.
The fire dragon tramples you but does no damage.
You feel better. The fire dragon bites you!
* * * LOW HITPOINT WARNING * * *
The fire dragon misses you.
The fire dragon tramples you but does no damage.
You feel better. The fire dragon closely misses you.
The fire dragon misses you.
The fire dragon tramples you but does no damage.
Evoke which item? (* to show all) (? for menu, Esc to quit)
Zapping:
r - a wand of teleportation (?/9) (will waste charges)
Press: ? - help, Shift-Dir - straight line, f - you You feel strangely unstable.
Evoking this partially-identified wand wasted a few charges.
The fire dragon bites you but does no damage.
The fire dragon claws you but does no damage.
The fire dragon closely misses you.
Your chain mail prevents you from hitting the fire dragon.
The fire dragon is severely wounded.
You hit the fire dragon.
You headbutt the fire dragon, but do no damage.
The fire dragon is almost dead.
You slash the fire dragon!
The fire dragon is almost dead.
The fire dragon breathes flames at you. The blast of flame hits you!
You die...

#≈≈≈≈§§≈≈?$?#
#≈§§≈§§≈$§?.#
#≈§≈≈≈§§$$..#
#≈≈≈≈≈§≈...#
#≈≈≈≈≈§§§..##
#≈≈≈≈§§§§§#
#≈..≈≈≈≈≈§#
#...D.≈≈§≈#
#...@..≈≈##
#........#
##.......#
#......##
#......# #
##....##
#######
##..##
......# #..#
#...#.# #.##


You could see a fire dragon.

Vanquished Creatures
  Erica (D:8)
  2 two-headed ogres
  An unseen horror (D:10)
  Pikel (D:7)
  A black mamba (Lair:1)
  The ghost of regis the Skirmisher, a novice DsCK of Xom (D:7)
  A komodo dragon (Lair:1)
  3 trolls
  Prince Ribbit (D:8)
  3 hippogriffs
  A spriggan (D:7)
  A wyvern (D:9)
  8 yaks
  6 fire bats (Lair:1)
  Eustachio (D:4)
  2 hell hounds (D:9)
  Duvessa (D:5)
  3 orc warriors
  A porcupine (Lair:1)
  2 sky beasts
  An ice beast (D:7)
  3 ogres
  A slave (D:7)
  4 phantoms
  4 centaurs
  3 wolves (Lair:1)
  3 crocodiles (Lair:1)
  Blork the orc (D:6)
  A big kobold (D:9)
  3 bullfrogs
  A gnoll sergeant (D:6)
  Dowan (D:5)
  A scorpion (D:7)
  13 killer bees (D:7)
  9 wights
  4 howler monkeys
  2 crimson imps
  2 bullfrog zombies
  2 jellies
  2 hounds
  2 orc priests
  2 bullfrog skeletons
  11 orc wizards
  Ijyb (D:2)
  Terence (D:2)
  3 worker ants
  2 iguanas
  A howler monkey zombie (D:8)
  A worker ant zombie (D:8)
  8 gnolls
  17 adders
  2 shadow imps
  An adder skeleton (D:5)
  2 adder zombies
  3 worms
  2 dart slugs (D:1)
  4 leopard geckos
  28 orcs
  A ball python (D:4)
  7 giant cockroaches
  8 hobgoblins
  12 jackals
  6 quokkas
  6 bats
  8 frilled lizards
  9 goblins
  A jackal zombie (D:6)
  15 kobolds
  A quokka skeleton (D:9)
  2 quokka zombies
  12 rats
  A fungus (D:5)
  A plant (D:5)
283 creatures vanquished.

Vanquished Creatures (others)
  A slave (D:7)
1 creature vanquished.

Grand Total: 284 creatures vanquished

Notes
Turn   | Place    | Note
-------+----------+-------------------------------------------
     0 | D:1      | tboon the Minotaur Fighter began the quest for the Orb.
     0 | D:1      | Reached XP level 1. HP: 19/19 MP: 0/0
   388 | D:1      | Reached XP level 2. HP: 27/27 MP: 1/1
   391 | D:1      | Reached skill level 1 in Dodging
   639 | D:1      | Reached skill level 3 in Axes
   639 | D:1      | Reached skill level 4 in Armour
   823 | D:1      | Reached XP level 3. HP: 32/33 MP: 2/2
  1057 | D:2      | Noticed Ijyb
  1065 | D:2      | Killed Ijyb
  1065 | D:2      | Reached skill level 4 in Fighting
  1065 | D:2      | Reached XP level 4. HP: 39/40 MP: 3/3
  1085 | D:2      | Reached skill level 2 in Dodging
  1479 | D:2      | Noticed Terence
  1495 | D:2      | Killed Terence
  1721 | D:2      | Reached skill level 4 in Axes
  1729 | D:2      | Reached XP level 5. HP: 47/47 MP: 4/4
  2636 | D:4      | Reached skill level 5 in Axes
  2636 | D:4      | Reached XP level 6. HP: 51/55 MP: 5/5
  2678 | D:4      | Reached skill level 5 in Fighting
  2678 | D:4      | Reached skill level 5 in Armour
  2678 | D:4      | Reached skill level 3 in Dodging
  2731 | D:4      | Noticed Eustachio
  2738 | D:4      | Killed Eustachio
  2738 | D:4      | Reached skill level 6 in Axes
  2738 | D:4      | Reached XP level 7. HP: 61/61 MP: 6/6
  2742 | D:4      | Found a staircase to the Ecumenical Temple.
  2851 | Temple   | Entered the Ecumenical Temple
  2955 | Temple   | Became a worshipper of Warmaster Okawaru
  2991 | D:4      | Found a shadowy altar of Dithmenos.
  2991 | D:4      | Found a hazy altar of Hepliaklqana.
  3353 | D:5      | Entered Level 5 of the Dungeon
  3464 | D:5      | Noticed Duvessa
  3473 | D:5      | Noticed Dowan
  3475 | D:5      | Killed Duvessa
  3489 | D:5      | Killed Dowan
  3513 | D:5      | Reached skill level 1 in Invocations
  3524 | D:5      | Reached * piety under Okawaru
  3524 | D:5      | Reached skill level 4 in Dodging
  3557 | D:5      | Reached skill level 7 in Axes
  3586 | D:5      | Reached skill level 6 in Armour
  3859 | D:5      | Reached XP level 8. HP: 66/70 MP: 6/8
  3963 | D:5      | Reached skill level 6 in Fighting
  4063 | D:5      | Found a sacrificial altar of Ru.
  4528 | D:6      | Noticed Blork the orc
  4538 | D:6      | Killed Blork the orc
  4538 | D:6      | Reached skill level 2 in Invocations
  4820 | D:6      | Reached skill level 8 in Axes
  4820 | D:6      | Reached skill level 5 in Dodging
  4910 | D:6      | Reached ** piety under Okawaru
  4910 | D:6      | Reached skill level 7 in Armour
  4910 | D:6      | Reached skill level 3 in Invocations
  5102 | D:7      | Reached XP level 9. HP: 78/78 MP: 10/10
  5244 | D:7      | Reached skill level 7 in Fighting
  5244 | D:7      | Reached skill level 9 in Axes
  5289 | D:7      | Noticed regis's ghost (novice DsCK)
  5310 | D:7      | Killed regis's ghost
  5310 | D:7      | Reached skill level 4 in Invocations
  5313 | D:7      | Reached skill level 6 in Dodging
  5616 | D:7      | Noticed Pikel
  5629 | D:7      | Killed Pikel
  5629 | D:7      | Reached skill level 10 in Axes
  5629 | D:7      | Reached skill level 8 in Armour
  5757 | D:7      | Reached *** piety under Okawaru
  5820 | D:7      | Reached skill level 8 in Fighting
  5820 | D:7      | Reached XP level 10. HP: 81/88 MP: 12/12
  6045 | D:8      | Reached skill level 5 in Invocations
  6059 | D:8      | Noticed a two-headed ogre
  6076 | D:8      | Killed a two-headed ogre
  6236 | D:8      | Reached **** piety under Okawaru
  6247 | D:8      | Reached skill level 7 in Dodging
  6250 | D:8      | Noticed Erica
  6266 | D:8      | Reached skill level 11 in Axes
  6286 | D:8      | Killed Erica
  6286 | D:8      | Reached skill level 9 in Armour
  6613 | D:8      | Noticed Prince Ribbit
  6625 | D:8      | Killed Prince Ribbit
  6628 | D:8      | Reached skill level 9 in Fighting
  6855 | D:9      | Reached skill level 6 in Invocations
  7003 | D:9      | Found a staircase to the Lair.
  7036 | D:9      | Received a gift from Okawaru
  7036 | D:9      | Reached XP level 11. HP: 58/97 MP: 14/14
  7182 | D:9      | Noticed a two-headed ogre
  7197 | D:9      | Killed a two-headed ogre
  7197 | D:9      | Reached skill level 12 in Axes
  7280 | D:9      | Found a shimmering altar of Xom.
  7280 | D:9      | Found a shimmering altar of Xom.
  7282 | D:9      | Found a shimmering altar of Xom.
  7601 | D:9      | Reached skill level 8 in Dodging
  7686 | D:9      | Reached ***** piety under Okawaru
  7788 | D:9      | Found a snail-covered altar of Cheibriados.
  7900 | D:10     | Entered Level 10 of the Dungeon
  7912 | D:10     | Found Yluora's Gadget Boutique.
  8501 | D:10     | Killed an unseen horror
  8777 | Lair:1   | Entered Level 1 of the Lair of Beasts
  9006 | Lair:1   | Received a gift from Okawaru
  9070 | Lair:1   | Reached skill level 10 in Armour
  9070 | Lair:1   | Reached skill level 7 in Invocations
  9079 | Lair:1   | HP: 17/99 [komodo dragon (18)]
  9210 | Lair:1   | Found a dark tunnel.
  9555 | Lair:1   | Noticed a fire dragon
  9568 | Lair:1   | HP: 23/99 [fire dragon (8)]
  9571 | Lair:1   | HP: 11/99 [fire dragon (1)]
  9581 | Lair:1   | HP: 1/99 [fire dragon (9)]
  9587 | Lair:1   | Killed from afar by a fire dragon

Vault maps used:
D:1:      lightli_arrival_lavapool, serial_bayou_ford_a, hangedman_decor_push,
          minmay_misc_feat_alley
D:2:      kennysheep_six_static_rooms, first_bread, uniq_terence, uniq_iyjb
D:3:      grunt_ministairs_6
D:4:      amethyst_overflow_temple_binary, uniq_eustachio
D:5:      nicolae_ru_the_path_less_chosen, uniq_duvessa
D:6:      uniq_blork_the_orc
D:7:      the_bakery, minmay_misc_feat_iff, uniq_pikel
D:8:      hangedman_decor_opposing, uniq_prince_ribbit1, uniq_erica
D:9:      cheibrodos_worm_habitat, minmay_lair_entry_lava, xom_redecorated
D:10:     serial_shops, shop
Temple:   regret_index_temple_mists
Lair:1:   dragon1_lemuel, nicolae_volcano_entry_batcave, patterned_corridor

Skill      XL: |  1  2  3  4  5  6  7  8  9 10 11 |
---------------+----------------------------------+-----
Dodging        | 1 2 3 4 5 6 7 8 |  8.5
Axes           | 3 4 5 6 7 8 10 11 12 | 12.9
Armour         | 4 5 6 7 8 9 10 | 10.2
Fighting       | 4 5 6 8 9 |  9.9
Invocations    | 1 3 4 6 7 |  7.2
Shields        | |  3.6

Action                   |  1- 3 |  4- 6 |  7- 9 | 10-12 || total
-------------------------+-------+-------+-------+-------++-------
Melee: War axe           |    59 |   141 |   290 |   433 ||   923
       Headbutt          |     6 |    19 |    55 |    99 ||   179
Throw: Tomahawk          |       |       |       |     8 ||     8
Invok: Heroism           |       |       |     2 |     7 ||     9
       Finesse           |       |       |       |     2 ||     2
Evoke: Wand              |       |       |       |     1 ||     1
  Use: Scroll            |       |    10 |     4 |     7 ||    21
       Potion            |       |     2 |       |     2 ||     4
  Eat: Chunk             |     1 |     5 |    10 |    11 ||    27
       Pizza             |       |       |       |     1 ||     1
Armor: Scale mail        |    27 |    54 |    68 |       ||   149
       Chain mail        |       |       |    99 |   333 ||   432
Dodge: Dodged            |    44 |    77 |   173 |   257 ||   551

Vault maps used:
D:1:      lightli_arrival_lavapool, serial_bayou_ford_a, hangedman_decor_push,
          minmay_misc_feat_alley
D:2:      kennysheep_six_static_rooms, first_bread, uniq_terence, uniq_iyjb
D:3:      grunt_ministairs_6
D:4:      amethyst_overflow_temple_binary, uniq_eustachio
D:5:      nicolae_ru_the_path_less_chosen, uniq_duvessa
D:6:      uniq_blork_the_orc
D:7:      the_bakery, minmay_misc_feat_iff, uniq_pikel
D:8:      hangedman_decor_opposing, uniq_prince_ribbit1, uniq_erica
D:9:      cheibrodos_worm_habitat, minmay_lair_entry_lava, xom_redecorated
D:10:     serial_shops, shop
Temple:   regret_index_temple_mists
Lair:1:   dragon1_lemuel, nicolae_volcano_entry_batcave, patterned_corridor

Table legend:
 A = Turns spent in this place as a percentage of turns spent in the entire game.
 B = Non-inter-level travel turns spent in this place as a percentage of non-inter-level travel turns spent in the entire game.
 C = Inter-level travel turns spent in this place as a percentage of turns spent in this place.
 D = Turns resting spent in this place as a percentage of non-inter-level travel turns spent in this place.
 E = Turns spent auto-exploring this place as a percentage of non-inter-level travel turns spent in this place.
 F = Non-inter-level travel turns spent in this place divided by the number of levels of this place that you've seen.
                   A       B       C       D       E      F
               +-------+-------+-------+-------+-------+----------------------
         Total | 100.0 | 100.0 |   0.6 |   2.5 |  12.5 | 210.0
       Dungeon |  92.3 |  92.3 |   0.6 |   2.1 |  12.3 | 232.6
        Temple |   1.0 |   1.0 |   3.8 |   0.0 |  60.0 |  25.0
          Lair |   6.7 |   6.7 |   0.0 |   8.9 |   8.3 | 169.0
               +-------+-------+-------+-------+-------+----------------------

Table legend:
 A = Kills in this place as a percentage of kills in entire the game.
 B = Kills by you in this place as a percentage of kills by you in the entire game.
 C = Kills by friends in this place as a percentage of kills by friends in the entire game.
 D = Other kills in this place as a percentage of other kills in the entire game.
 E = Experience gained in this place as a percentage of experience gained in the entire game.
 F = Experience gained in this place divided by the number of levels of this place that you have seen.
                   A       B       C       D       E      F
               +-------+-------+-------+-------+-------+----------------------
         Total | 100.0 | 100.0 |  -nan |  -nan | 100.0 | 1514.0
       Dungeon |  93.9 |  93.9 |  -nan |  -nan |  83.9 | 1524.3
          Lair |   6.1 |   6.1 |  -nan |  -nan |  16.1 | 2925.0
               +-------+-------+-------+-------+-------+----------------------
